 Dungeon Crawl Stone Soup version 0.21.1-1-g345015f (webtiles) character file.

1986 Mirai the Thaumaturge (level 9, -5/67 HPs)
             Began as a Deep Elf Conjurer on Apr 17, 2018.
             Was an Initiate of Vehumet.
             Killed from afar by Dowan (10 damage)
             ... with a shard of ice
             ... on level 7 of the Dungeon.
             The game lasted 00:17:51 (5785 turns).

Mirai the Thaumaturge (Deep Elf Conjurer)           Turns: 5785, Time: 00:17:51

Health: -5/67      AC: 24    Str:  5    XL:     9   Next: 1%
Magic:  1/26       EV:  2    Int: 24    God:    Vehumet [......]
Gold:   369        SH:  0    Dex: 15    Spells: 19/30 levels left

rFire    . . .     SeeInvis +   a - +5 rapier "Daarish" {elec, SInv Stlth+}
rCold    . . .     Gourm    .   (no shield)
rNeg     + + +     Faith    .   (armour currently unavailable)
rPois    +         Spirit   .   (helmet currently unavailable)
rElec    .         Reflect  .   (cloak currently unavailable)
rCorr    .         Harm     .   (gloves currently unavailable)
MR       .....     NoTele   +   (boots currently unavailable)
Stlth    +++.......             (no amulet)
HPRegen  0.21/turn              w - ring of see invisible
MPRegen  0.20/turn              (no ring)

@: tree-form (expiring)
A: no striking features
a: Renounce Religion


You were on level 7 of the Dungeon.
You worshipped Vehumet.
Vehumet was noncommittal.
You were not hungry.
You were a tree.
You visited 2 branches of the dungeon, and saw 8 of its levels.

You collected 369 gold pieces.

Inventory:

Hand Weapons
 a - the +5 rapier "Daarish" (weapon) {elec, SInv Stlth+}
   (You found it on level 6 of the Dungeon)

   Occasionally, upon striking a foe, it will discharge some electrical energy
   and cause terrible harm.
   It lets you see invisible.
   It makes you more stealthy.
Armour
 k - a +0 pair of gloves (melded)
 q - a +0 cloak (melded)
 A - a +0 robe (melded)
 E - a cursed -2 chain mail
Magical Staves
 v - an uncursed staff of energy
Jewellery
 t - an uncursed ring of ice
 w - a ring of see invisible (left branch)
Wands
 n - a wand of flame (33)
 y - a wand of paralysis (11)
 D - a wand of polymorph (14)
Scrolls
 d - 6 scrolls of teleportation
 e - 12 scrolls of identify
 f - 2 scrolls of fog
 g - 2 scrolls of remove curse
 h - 2 scrolls of fear {unknown}
 i - 2 scrolls of magic mapping {unknown}
 m - 3 scrolls of amnesia {unknown}
 o - a scroll of enchant weapon {unknown}
 s - a scroll of immolation {unknown}
 C - a scroll of brand weapon {unknown}
Potions
 j - 2 potions of brilliance {unknown}
 l - a potion of lignification
 p - a potion of magic {unknown}
 r - 2 potions of heal wounds {unknown}
 x - a potion of cancellation {unknown}
 z - a potion of flight {unknown}
Books
 b - a book of Conjurations

   Spells                             Type                      Level
   a - Magic Dart                     Conjuration                  1
   b - Searing Ray                    Conjuration                  2
   c - Dazzling Spray                 Conjuration/Hexes            3
   d - Fulminant Prism                Conjuration/Hexes            4
   e - Force Lance                    Conjuration/Translocation    4
   f - Iskenderun's Mystic Blast      Conjuration                  4
Comestibles
 c - 12 rations


   Skills:
 - Level 2.4 Dodging
 - Level 2.4 Stealth
 * Level 11.3 Spellcasting
 + Level 7.9 Conjurations
 + Level 5.8 Evocations


You had 19 spell levels left.
You knew the following spells:

 Your Spells              Type           Power        Failure   Level  Hunger
a - Magic Dart            Conj           ####         1%          1    None
b - Searing Ray           Conj           ######       1%          2    None
c - Iskenderun's Mystic   Conj           ######..     1%          4    None
d - Fulminant Prism       Conj/Hex       ####......   9%          4    None


Dungeon Overview and Level Annotations

Branches:
Dungeon (7/15)             Temple (1/1) D:6

Altars:
Ashenzari
Cheibriados
Dithmenos
Gozag
Hepliaklqana
Kikubaaqudgha
Makhleb
Nemelex Xobeh
Okawaru
Qazlal
Ru
Trog
Uskayaw
Vehumet
Wu Jian
Xom
Yredelemnul
Zin

Annotations:
D:7 Dowan


Message History

The orb of energy explodes!
Dowan hits you but does no damage. Dowan casts a spell at you.
The stone arrow hits you!
* * * LOW HITPOINT WARNING * * *
Unknown command.
Casting: Iskenderun's Mystic Blast
Confirm with . or Enter, or press ? or * to list all spells.
You don't have enough magic to cast that spell.
Unknown command.
Casting: Iskenderun's Mystic Blast
Confirm with . or Enter, or press ? or * to list all spells.
Aiming: Searing Ray
Press: ? - help, Shift-Dir - straight line, f/p - Dowan
Aim: Dowan, wielding a dagger and wearing a robe (heavily wounded, fast)
The searing ray hits Dowan.
Dowan is heavily wounded. (Press . to maintain the ray.) Dowan gestures at you while chanting.
The shard of ice hits you!
You die...

...............# ##.?#
...............####o.##
..#..#............#.)##
...............##...).#
#...............##....#
...........^....##....#
..####...#...#..##.#..#
.............e.##.#
...#######..♣).# ...
... ###)........
#...........
............
.#...........
._...#..##.. ##.##.#.##
.. #.#.#


You could see Dowan.

Vanquished Creatures
  Duvessa (D:7)
  3 sky beasts
  An orc warrior (D:6)
  3 ogres
  A phantom (D:3)
  2 centaurs
  2 bullfrogs
  2 scorpions
  A water moccasin skeleton (D:4)
  3 killer bees (D:7)
  2 crimson imps
  Crazy Yiuf (D:2)
  A bullfrog skeleton (D:7)
  4 orc priests
  4 orc wizards
  Jessica (D:2)
  Natasha (twice) (D:4)
  A killer bee zombie (D:7)
  7 adders
  2 oozes
  An adder zombie (D:6)
  2 worms
  2 dart slugs
  3 leopard geckos
  15 orcs
  A bat (D:3)
  6 giant cockroaches
  4 goblins (D:1)
  3 hobgoblins
  5 jackals
  3 kobolds
  4 quokkas
  2 frilled lizards
  A goblin skeleton (D:7)
  A goblin zombie (D:7)
  A jackal zombie (D:7)
  9 rats
107 creatures vanquished.

Vanquished Creatures (others)
  An orc (D:7)
  2 fulminant prisms (D:7)
3 creatures vanquished.

Grand Total: 110 creatures vanquished

Notes
Turn   | Place    | Note
-------+----------+-------------------------------------------
     0 | D:1      | Mirai the Deep Elf Conjurer began the quest for the Orb.
     0 | D:1      | Reached XP level 1. HP: 10/10 MP: 6/6
   138 | D:1      | Reached XP level 2. HP: 15/15 MP: 2/8
   301 | D:1      | Reached skill level 4 in Spellcasting
   666 | D:2      | Reached XP level 3. HP: 17/19 MP: 3/10
   925 | D:2      | Learned a level 2 spell: Searing Ray
  1032 | D:2      | Found an iron altar of Okawaru.
  1123 | D:2      | Found a stormy altar of Qazlal.
  1123 | D:2      | Noticed Jessica
  1127 | D:2      | Killed Jessica
  1127 | D:2      | Reached skill level 5 in Spellcasting
  1127 | D:2      | Reached skill level 5 in Conjurations
  1127 | D:2      | Reached XP level 4. HP: 24/24 MP: 7/13
  1290 | D:2      | Found a runed door.
  1294 | D:2      | Noticed Crazy Yiuf
  1299 | D:2      | Killed Crazy Yiuf
  1470 | D:3      | Noticed a phantom
  1480 | D:3      | Killed a phantom
  1480 | D:3      | Reached skill level 6 in Spellcasting
  1480 | D:3      | Reached skill level 1 in Evocations
  1480 | D:3      | Reached XP level 5. HP: 26/28 MP: 6/15
  1508 | D:3      | Reached XP level 6. HP: 4/32 MP: 1/17
  1751 | D:3      | Found an iron altar of Okawaru.
  1800 | D:3      | Found a glowing silver altar of Zin.
  1801 | D:3      | Found a shimmering altar of Xom.
  1801 | D:3      | Found a burning altar of Makhleb.
  1816 | D:3      | Found a sacrificial altar of Ru.
  1817 | D:3      | Found a hide-covered altar of Uskayaw.
  1925 | D:3      | Reached skill level 7 in Spellcasting
  1953 | D:3      | Found a shadowy altar of Dithmenos.
  2658 | D:4      | Reached XP level 7. HP: 36/36 MP: 13/20
  2659 | D:4      | Noticed Natasha
  2664 | D:4      | Killed Natasha
  2690 | D:4      | Found an ornate altar of the Wu Jian Council.
  2799 | D:4      | Noticed Natasha
  2810 | D:4      | Killed Natasha
  2810 | D:4      | Reached skill level 8 in Spellcasting
  3362 | D:5      | Entered Level 5 of the Dungeon
  3379 | D:4      | Learned a level 4 spell: Iskenderun's Mystic Blast
  3384 | D:4      | Learned a level 4 spell: Fulminant Prism
  3806 | D:5      | Reached skill level 9 in Spellcasting
  4293 | D:6      | Reached XP level 8. HP: 41/41 MP: 15/23
  4314 | D:6      | Got a dazzling rapier
  4317 | D:6      | Identified the +5 rapier "Daarish" {elec, SInv Stlth+} (You found it on level 6 of the Dungeon)
  4576 | D:6      | Got a faintly glowing flail
  4601 | D:6      | Identified the cursed +1 flail "Ehargh" {crush, rElec MR++ Int-2 Stlth+} (You found it on level 6 of the Dungeon)
  4786 | D:6      | Reached skill level 10 in Spellcasting
  4842 | D:6      | Found a staircase to the Ecumenical Temple.
  4851 | Temple   | Entered the Ecumenical Temple
  4914 | Temple   | Became a worshipper of Vehumet
  5044 | D:7      | Found a runed door.
  5048 | D:7      | Found a basalt altar of Yredelemnul.
  5071 | D:6      | Reached skill level 5 in Evocations
  5741 | D:7      | Reached skill level 11 in Spellcasting
  5747 | D:7      | Found a snail-covered altar of Cheibriados.
  5770 | D:7      | Noticed Duvessa
  5774 | D:7      | Noticed Dowan
  5783 | D:7      | Killed Duvessa
  5783 | D:7      | Reached XP level 9. HP: 15/45 MP: 6/26
  5785 | D:7      | Killed from afar by Dowan

Skill      XL: |  1  2  3  4  5  6  7  8 |
---------------+-------------------------+-----
Spellcasting   | 4 5 6 7 9 11 | 11.3
Conjurations   | 5 6 7 |  7.9
Evocations     | 1 2 3 4 5 |  5.8
Dodging        | |  2.4
Stealth        | |  2.4

Action                   |  1- 3 |  4- 6 |  7- 9 || total
-------------------------+-------+-------+-------++-------
Melee: Unarmed           |    10 |       |       ||    10
       Quarterstaff      |       |    25 |     3 ||    28
       Rapier            |       |       |    50 ||    50
 Cast: Magic Dart        |    61 |    19 |    56 ||   136
       Searing Ray       |     2 |     9 |    21 ||    32
       Iskenderun's Myst |       |       |    14 ||    14
       Fulminant Prism   |       |       |     2 ||     2
Evoke: Wand              |       |       |     1 ||     1
  Use: Potion            |       |     1 |     2 ||     3
       Scroll            |       |       |     4 ||     4
 Stab: Sleeping          |       |     1 |     1 ||     2
  Eat: Chunk             |     1 |     4 |     8 ||    13
       Ration            |       |       |     1 ||     1
Armor: Robe              |     2 |    12 |    18 ||    32
       Skin              |       |       |    23 ||    23
Dodge: Dodged            |    16 |    18 |    60 ||    94
